 Dungeon Crawl Stone Soup version 0.18.1-1-g2f07953 (webtiles) character file.

93 Ibvxer the Poker (level 4, -7/35 HPs)
             Began as a Demonspawn Abyssal Knight on May 6, 2016.
             Was a Follower of Lugonu.
             Killed from afar by Natasha (10 damage)
             ... with a magic dart
             ... on level 2 of the Dungeon on May 7, 2016.
             The game lasted 00:12:31 (1572 turns).

Ibvxer the Poker (Demonspawn Abyssal Knight)        Turns: 1572, Time: 00:12:32

Health: -7/35      AC:  9    Str: 14    XL:     4   Next: 36%
Magic:  5/5        EV: 10    Int: 13    God:    Lugonu [*.....]
Gold:   39         SH:  0    Dex: 11    Spells: 0 memorised, 3 levels left

rFire  . . .     SeeInvis .     a - +1 spear
rCold  . . .     Gourm    .     i - +0 ring mail {ii}
rNeg   . . .     Faith    .     (no shield)
rPois  .         Spirit   .     (no helmet)
rElec  .         Dismiss  .     (no cloak)
rCorr  .         Reflect  .     (no gloves)
SustAt .         Harm     .     (no boots)
MR     .....                    (no amulet)
Stlth  ++........               (no ring)
                                (no ring)

@: slowed, very slow, not resistant to hostile enchantments, unstealthy
A: rough black scales 1, nightstalker 1
a: Depart the Abyss, Renounce Religion


You were on level 2 of the Dungeon.
You worshipped Lugonu.
Lugonu was aware of your devotion.
You were hungry.

You visited 1 branch of the dungeon, and saw 2 of its levels.
You visited the Abyss 1 time.

You collected 39 gold pieces.

Inventory:

Hand Weapons
 a - a +1 spear (weapon)
Armour
 b - a +0 leather armour
 i - a +0 ring mail (worn) {ii}
Jewellery
 h - an uncursed ring of protection from fire
Scrolls
 e - 3 scrolls of magic mapping {unknown}
 g - a scroll of enchant weapon {unknown}
 j - a scroll of teleportation {unknown}
Comestibles
 c - a bread ration


   Skills:
 - Level 3.2 Fighting
 + Level 3.9 Polearms
 - Level 1.9 Armour
 - Level 0.8 Dodging
 - Level 2.5 Invocations


You had 3 spell levels left.
You didn't know any spells.

Dungeon Overview and Level Annotations

Branches:
Dungeon (2/15)

Altars:
Nemelex Xobeh

Annotations:
D:2 Natasha


Innate Abilities, Weirdness & Mutations

You are partially covered in rough black scales (AC +4, Dex -1).
You are slightly more attuned to the shadows.


Message History

Natasha barely misses you.
The shadow imp hits you but does no damage.
You barely miss Natasha.
Natasha is severely wounded.
Natasha mumbles some strange words.
The shadow imp barely misses you. Natasha claws you.
* * * LOW HITPOINT WARNING * * *
You hit Natasha.
Natasha is almost dead.
The shadow imp hits you.
* * * LOW HITPOINT WARNING * * *
Natasha claws you but does no damage.
You closely miss Natasha.
Natasha is almost dead.
Natasha claws you but does no damage.
You barely miss Natasha.
Natasha is severely wounded.
Natasha casts a spell at you. The magic dart hits you!
You die...

#.... #####.###....# ....
#.......'....# #..
##.###.###....#
#..###..[.......#### #.
.##......###......... ######.
.'....#.## #..####### .......
.###.<#.# #..#.....# .......
.###.h#.# #......#.#
.......#.#..@5..####.###..#.#
.(.......#.#.5...........<#.#
........##.#.#.#####.######.#
......()...#.#.....#.#....#..
.......#####.##..#.#.#.##.###
....... #.##..#.#.#.##.#
####### #.###.#.#.#.##.# #.#
#.#.....##.###
#####.###..##.####....


You could see Natasha, a crimson imp and a shadow imp.

Vanquished Creatures
  Natasha (D:2)
  3 adders (D:2)
  A worm (D:2)
  2 giant geckos (D:2)
  2 giant cockroaches (D:2)
  3 hobgoblins (D:2)
  6 jackals
  2 quokkas (D:2)
  2 bats (D:2)
  2 giant newts (D:2)
  4 goblins
  2 kobolds
  6 rats
36 creatures vanquished.

Notes
Turn   | Place    | Note
--------------------------------------------------------------
     0 | Abyss:1  | Ibvxer the Demonspawn Abyssal Knight began the quest for the Orb.
     0 | Abyss:1  | Reached XP level 1. HP: 18/18 MP: 2/2
    45 | D:1      | Escaped the Abyss
   420 | D:1      | Gained mutation: You are partially covered in rough black scales (AC +4, Dex -1). [demonic ancestry]
   420 | D:1      | Reached XP level 2. HP: 24/24 MP: 3/3
   483 | D:1      | You fall through a shaft!
   559 | D:2      | Reached * piety under Lugonu
   618 | D:2      | Reached XP level 3. HP: 6/29 MP: 4/4
   988 | D:2      | Found a sparkling altar of Nemelex Xobeh.
  1288 | D:2      | Noticed Natasha
  1322 | D:2      | Killed Natasha
  1322 | D:2      | Gained mutation: You are slightly more attuned to the shadows. [demonic ancestry]
  1322 | D:2      | Reached XP level 4. HP: 9/35 MP: 5/5
  1543 | D:2      | Noticed Natasha
  1572 | D:2      | Killed from afar by Natasha

Skill      XL: |  1  2  3 |
---------------+----------+-----
Polearms       | 2 3 |  3.9
Fighting       | |  3.2
Armour         | |  1.9
Dodging        | |  0.8
Invocations    | |  2.5

Action                   |  1- 3 |  4- 6 || total
-------------------------+-------+-------++-------
Melee: Spear             |   155 |    32 ||   187
Invok: Depart the Abyss  |     1 |       ||     1
  Use: Scroll            |       |     1 ||     1
  Eat: Chunk             |     2 |       ||     2
Armor: Leather armour    |    28 |       ||    28
       Ring mail         |    29 |     7 ||    36
Dodge: Dodged            |    76 |    14 ||    90
